 Dungeon Crawl Stone Soup version 0.31.0-9-g3a7656b989 (webtiles) character file.

Game seed: 12589497318603888412

91 qw the Shooter (level 4, -1/22 HPs)
             Began as a Spriggan Hunter on Feb 2, 2024.
             Incinerated by a bombardier beetle (3 damage)
             ... with a burning spray
             ... on level 2 of the Dungeon.
             The game lasted 00:00:06 (1158 turns).

qw the Shooter (Spriggan Hunter)                    Turns: 1158, Time: 00:00:06

Health: -1/22      AC:  2    Str:  7    XL:     4   Next: 34%
Magic:  5/5        EV: 21    Int: 10    God:
Gold:   57         SH:  0    Dex: 26    Spells: 3/3 levels left

rFire   . . .        n - +1 arbalest
rCold   . . .        (shield currently unavailable)
rNeg    . . .        c - +0 robe
rPois   .            (helmet restricted)
rElec   .            (no cloak)
rCorr   .            (gloves unavailable)
SInv    +            (boots unavailable)
Will    .....        d - amulet of faith
Stlth   +            k - +6 ring of dexterity
HPRegen 0.23/turn    (no ring)
MPRegen 0.09/turn

%: faith
@: on fire, glowing, very quick
A: very small, no large weapons, unfitting armour, see invisible, speed 3
a: no special abilities


You were on level 2 of the Dungeon.
You visited 1 branch of the dungeon, and saw 3 of its levels.

You collected 117 gold pieces.
You spent 60 gold pieces at shops.


Innate Abilities, Weirdness & Mutations

You are very small and have problems with some larger weapons.
You are too small for most types of armour.
You have supernaturally acute eyesight. (SInv)
You cover ground extremely quickly. (Speed+++)


   Skills:
 - Level 1.5 Fighting
 - Level 5.0 Ranged Weapons
 + Level 4.7 Dodging
 - Level 1.5 Stealth


You had 3 spell levels left.
You didn't know any spells.
Your spell library was empty.

Inventory:

Hand Weapons
 n - a +1 arbalest (weapon)
Armour
 c - a +0 robe (worn)
Jewellery
 d - an amulet of faith (around neck)
 i - an amulet of reflection
 k - a +6 ring of dexterity (left hand)
Scrolls
 b - a scroll of teleportation
Potions
 g - a potion of resistance
 h - a potion of might {unknown}
 j - a potion of curing {unknown}
 l - 2 potions of heal wounds

Dungeon Overview and Level Annotations

Branches:
Dungeon (3/15)

Altars:

Shops:
D:2 *


Message History

Done exploring.
1127 ||| DRINKING 3 glowing yellow potions.
It was a potion of heal wounds.
You feel much better.
Done exploring.
1128 ||| DROPPING potion of degeneration.
You drop a potion of degeneration.
Done exploring.
What level of the Dungeon? (default 2, ? - help)
You see here a beast talisman.
There is a stone staircase leading down here.
You climb downwards.
Found 4 boomerangs and a notched opal ring.
There is a stone staircase leading up here.
There are monsters nearby!
Waypoint 2 assigned to D:3.
You shoot a bolt. The bolt hits the bombardier beetle!
The bombardier beetle is severely wounded.
The frilled lizard hisses angrily.
You shoot a bolt. The bolt misses the frilled lizard.
1153 ||| STAIRDANCE The bombardier beetle sprays incendiary fluid at you.
The burning spray hits you.
You are covered in liquid fire!
The frilled lizard misses you.
You shake off some of the fire as you move.
You climb upwards.
The liquid fire burns you!
There is a stone staircase leading down here.
You shoot a bolt.
The bolt closely misses the frilled lizard.
The liquid fire burns you!
The frilled lizard completely misses you.
You shoot a bolt. The bolt hits the frilled lizard!
You kill the frilled lizard!
The liquid fire burns you!
You are on fire!
The liquid fire burns you!
You are on fire!
The liquid fire burns you!
You die...

...#.....).........## ###.#
##..................######...##
##.................##........#
###.................##........#
.(..................##........#
<##.................##........#
####................##........#
#....#.........>...###........#
#.#####.........@..# #........#
..########.#..####.###......###
.....<# #.##.# #.......####
.####.# #.##.#######....# .#
#.####.......###...#.###
.####...#####..#..#...##...#
..........####.##..........#
>#####[......#.............# .#
##.##................|######


There were no monsters in sight!

Vanquished Creatures
  4 gnolls (D:2)
  An adder (D:2)
  A dart slug (D:1)
  A ball python (D:1)
  2 bats
  6 endoplasms
  2 hobgoblins (D:1)
  6 jackals (D:1)
  3 quokkas
  4 frilled lizards
  4 goblins
  4 kobolds (D:1)
  3 rats (D:1)
41 creatures vanquished.

Notes
Turn   | Place    | Note
-------+----------+-------------------------------------------
     0 | D:1      | qw the Spriggan Hunter began the quest for the Orb.
     0 | D:1      | Reached XP level 1. HP: 10/10 MP: 2/2
     0 | D:1      | 0 ||| qw: Version: 0.3-a-155-g5e7d8dd
     0 | D:1      | 0 ||| qw: Game counter: 2852
     0 | D:1      | 0 ||| qw: Melee chars always use a shield: true
     0 | D:1      | 0 ||| qw: God list: Okawaru
     0 | D:1      | 0 ||| qw: Allow faded altars: false
     0 | D:1      | 0 ||| qw: Do Orc after clearing Dungeon:15 true
     0 | D:1      | 0 ||| qw: Do second Lair branch before Depths: true
     0 | D:1      | 0 ||| qw: Lair rune preference: random
     0 | D:1      | 0 ||| qw: Goals: Normal
     0 | D:1      | 0 ||| PLANNING D:1-11
    58 | D:1      | Reached skill level 3 in Dodging
   114 | D:1      | Reached XP level 2. HP: 13/14 MP: 3/3
   353 | D:1      | Reached XP level 3. HP: 17/18 MP: 4/4
   529 | D:1      | 529 ||| READING scroll labelled MUROL AGICOPH.
   529 | D:1      | 529 ||| BRANDING +0 shortbow.
   530 | D:1      | 530 ||| READING scroll labelled EXUFEH REE.
   531 | D:1      | 531 ||| READING scroll labelled XAGEKHL PYCUI.
   632 | D:1      | 632 ||| READING scroll labelled DAESCH NAERHA.
   632 | D:1      | 632 ||| IDENTIFYING murky orange potion
   633 | D:1      | 633 ||| READING scroll labelled FAOSSE XUEN.
   634 | D:1      | 634 ||| READING scroll labelled JAFIBY YNARYOC.
   635 | D:1      | 635 ||| DROPPING scroll of butterflies.
   653 | D:2      | Found Iryxe's Assorted Antiques.
   693 | D:2      | 693 ||| SHOPLISTING curved brass wand (120 gold, have 64).
   693 | D:2      | 693 ||| BUYING scroll of identify (60 gold).
   693 | D:2      | Bought a scroll of identify for 60 gold pieces
   708 | D:2      | 708 ||| RETREEEEATING.
   709 | D:2      | 709 ||| RETREEEEATING.
   710 | D:2      | 710 ||| RETREEEEATING.
   711 | D:2      | 711 ||| RETREEEEATING.
   715 | D:2      | Reached skill level 5 in Ranged Weapons
   716 | D:2      | Reached XP level 4. HP: 22/22 MP: 5/5
  1082 | D:2      | 1082 ||| SWAPPING to +0 arbalest.
  1083 | D:2      | 1083 ||| DROPPING +0 heavy shortbow.
  1114 | D:2      | 1114 ||| UPGRADING to amulet of faith.
  1119 | D:2      | 1119 ||| UPGRADING to +6 ring of dexterity.
  1120 | D:2      | 1120 ||| READING scroll of identify.
  1120 | D:2      | 1120 ||| IDENTIFYING glowing blue potion
  1121 | D:2      | 1121 ||| READING 2 scrolls labelled ALUKHLO GIUT.
  1126 | D:2      | 1126 ||| READING scroll labelled XYQOEM TUMAO.
  1126 | D:2      | 1126 ||| ENCHANTING +0 arbalest.
  1127 | D:2      | 1127 ||| DRINKING 3 glowing yellow potions.
  1128 | D:2      | 1128 ||| DROPPING potion of degeneration.
  1153 | D:3      | 1153 ||| STAIRDANCE
  1157 | D:2      | HP: 2/22 [burnt (4)]
  1158 | D:2      | Incinerated by a bombardier beetle

Levels and vault maps discovered:
D:1:      nzn_arrival_crosshair, layout_basic, hangedman_abyss_or_decor_stabs,
          minmay_misc_feat_ornament, minmay_unequal
D:2:      layout_rooms, serial_shops, shop
D:3:      wad_lake_hut, layout_basic

Skill      XL: |  1  2  3 |
---------------+----------+-----
Dodging        | 3 4 |  4.7
Ranged Weapons | 5 |  5.0
Fighting       | |  1.5
Stealth        | |  1.5

Action                     |  1- 3 |  4- 6 || total
---------------------------+-------+-------++-------
   Fire: Shortbow          |    93 |    13 ||   106
         Arbalest          |       |     4 ||     4
    Use: Scroll            |     6 |     3 ||     9
         Potion            |       |     1 ||     1
 Armour: Robe              |     9 |     5 ||    14
  Dodge: Dodged            |    17 |     8 ||    25

Table legend:
 A = Non-vault XP
 B = Vault XP
 C = Vault XP percentage of total XP
 D = Non-vault monster count
 E = Vault monster count
 F = Vault count percentage of total count
                 A         B        C        D         E       F
            +---------+---------+-------+---------+---------+-------
      Total |     125 |       6 |   4.6 |      38 |       3 |   7.3
            +---------+---------+-------+---------+---------+-------
        D:1 |      45 |       6 |  11.8 |      27 |       3 |  10.0
        D:2 |      80 |       0 |   0.0 |      11 |       0 |   0.0
            +---------+---------+-------+---------+---------+-------
